 Dungeon Crawl Stone Soup version 0.23.0 (webtiles) character file.

Game seed: 627342536644595750

410 wolfsongas the Skirmisher (level 6, -8/44 HPs)
             Began as an Octopode Assassin on Feb 16, 2019.
             Was an Initiate of Dithmenos.
             Mangled by Duvessa
             ... wielding a +0 short sword
              (9 damage)
             ... on level 4 of the Dungeon.
             The game lasted 00:09:20 (3387 turns).

wolfsongas the Skirmisher (Octopode Assassin)       Turns: 3387, Time: 00:09:21

Health: -8/44      AC:  1    Str: 10 (11) XL:     6   Next: 89%
Magic:  6/6        EV: 12    Int: 13      God:    Dithmenos [......]
Gold:   141        SH:  0    Dex: 12 (15) Spells: 5/5 levels left

rFire    . . .     SeeInvis .   a - +3 dagger
rCold    . . .     Gourm    .   (no shield)
rNeg     . . .     Faith    .   (helmet restricted)
rPois    +         Spirit   .   g - amulet of the acrobat
rElec    .         Reflect  .   e - ring of resist corrosion
rCorr    +         Harm     .   (no ring)
MR       .....                  (no ring)
Stlth    ++++......             (no ring)
HPRegen  0.54/turn              (no ring)
MPRegen  0.10/turn              (no ring)
                                (no ring)
                                (no ring)

@: no status effects
A: almost no armour, stealthy swim, amphibious, 8 rings, constrict 8, camouflage
1, deterioration 1, frail 1, poison resistance, regeneration 1, gelatinous body
1
a: Renounce Religion


You were on level 4 of the Dungeon.
You worshipped Dithmenos.
Dithmenos was noncommittal.
You were not hungry.

You visited 2 branches of the dungeon, and saw 5 of its levels.
You also visited: Sewer.

You collected 141 gold pieces.

Inventory:

Hand Weapons
 a - a +3 dagger (weapon)
 b - a +0 blowgun
Missiles
 c - 22 poisoned needles
 d - 2 curare-tipped needles
Jewellery
 e - a ring of resist corrosion (left tentacle)
 g - an amulet of the acrobat (around mantle)
Wands
 m - a wand of flame (11)
Scrolls
 l - 2 scrolls of enchant armour
 n - a scroll of remove curse
Potions
 h - 2 potions of magic
 i - 2 potions of curing
 j - a potion of flight
 k - a potion of agility {unknown}
Comestibles
 f - 10 rations


   Skills:
 * Level 7.1 Fighting
 - Level 2.0 Short Blades
 - Level 2.0 Throwing
 - Level 1.0 Dodging
 - Level 5.3 Stealth


You had 5 spell levels left.
You didn't know any spells.
Your spell library was empty.

Dungeon Overview and Level Annotations

Branches:
Dungeon (4/15)             Temple (1/1) D:4

Altars:
Ashenzari
Dithmenos
Fedhas
Gozag
Nemelex Xobeh
Qazlal
Ru
Sif Muna
Uskayaw
Vehumet
Zin
The Shining One

Annotations:
D:4 Dowan, Duvessa


Innate Abilities, Weirdness & Mutations

You cannot wear most types of armour.
You are very stealthy in the water. (Stealth+)
You are amphibious.
You can wear up to eight rings at the same time.
You can use your tentacles to constrict eight enemies at once.
Your skin changes colour to match your surroundings (Stealth+).
Your rubbery body absorbs attacks. (AC +1, EV +1)
Your body sometimes deteriorates upon taking damage.
You are frail. (-10% HP)
Your system is resistant to poisons. (rPois)
Your natural rate of healing is unusually fast.


Message History

The puff of flame hits you!
* * * LOW HITPOINT WARNING * * *
An orc comes into view.
You are too injured to fight recklessly!
You are too injured to fight recklessly!
You are too injured to fight recklessly!
You are too injured to fight recklessly!
You are too injured to fight recklessly!
You are too injured to fight recklessly!
You are too injured to fight recklessly!
You are too injured to fight recklessly!
You hit Duvessa but do no damage.
Duvessa is lightly wounded.
You constrict Duvessa, but do no damage.
Duvessa hits you but does no damage. Dowan closely misses you.
Duvessa hits you with a +0 short sword!
* * * LOW HITPOINT WARNING * * *
You hit Duvessa but do no damage. You constrict Duvessa.
Duvessa hits you with a +0 short sword!
You die...

........# ........#
........# ........#
........# . ........#
... ........#
##########.o..
........###......e....%.
..[.............@e..<...
#.#+...#.#.......o......
#.#...#.#.#............#
#.#..#.#.#.#............
#.#...#.>.#...##########
#.#..#.#.#.#..#
..#...#.#.#...#
###....#.#....#
.†............#######


You could see Duvessa, Dowan and 2 orcs.

Vanquished Creatures
  A big kobold (Sewer)
  A scorpion (D:3)
  2 orc wizards (D:4)
  Crazy Yiuf (D:3)
  Ijyb (D:4)
  A hound skeleton (D:3)
  2 river rats (Sewer)
  5 adders
  7 worms
  2 leopard geckos
  3 orcs
  2 giant cockroaches
  10 goblins
  6 hobgoblins
  10 jackals
  A quokka (D:2)
  A ball python (D:1)
  5 bats
  8 frilled lizards
  16 kobolds
  A quokka skeleton (D:4)
  11 rats
97 creatures vanquished.

Notes
Turn   | Place    | Note
-------+----------+-------------------------------------------
     0 | D:1      | wolfsongas the Octopode Assassin began the quest for the
                  | Orb.
     0 | D:1      | Reached XP level 1. HP: 14/14 MP: 1/1
   153 | D:1      | Reached XP level 2. HP: 20/20 MP: 2/2
   360 | D:1      | Reached skill level 3 in Fighting
   520 | D:2      | Reached XP level 3. HP: 9/26 MP: 3/3
  1052 | D:2      | Found a sacrificial altar of Ru.
  1180 | D:2      | Reached skill level 4 in Fighting
  1584 | D:2      | Reached XP level 4. HP: 33/33 MP: 4/4
  1979 | D:3      | Gained mutation: You are robust. (+10% HP) [potion of
                  | mutation]
  1979 | D:3      | Gained mutation: Your spells are a little harder to cast,
                  | but a little more powerful. [potion of mutation]
  2264 | D:3      | Found a glowing drain.
  2305 | Sewer    | Entered a sewer
  2316 | Sewer    | Reached skill level 5 in Fighting
  2316 | Sewer    | Reached XP level 5. HP: 27/42 MP: 5/5
  2491 | Sewer    | Noticed a big kobold
  2510 | Sewer    | Killed a big kobold
  2512 | Sewer    | Lost mutation: Your spells are a little harder to cast, but
                  | a little more powerful. [potion of mutation]
  2512 | Sewer    | Lost mutation: You are robust. (+10% HP) [potion of
                  | mutation]
  2512 | Sewer    | Gained mutation: Your natural rate of healing is unusually
                  | fast. [potion of mutation]
  2512 | Sewer    | Gained mutation: You are frail. (-10% HP) [potion of
                  | mutation]
  2512 | Sewer    | Gained mutation: Your body sometimes deteriorates upon
                  | taking damage. [potion of mutation]
  2512 | Sewer    | Gained mutation: Your system is resistant to poisons.
                  | (rPois) [potion of mutation]
  2631 | Sewer    | Found a glowing silver altar of Zin.
  2758 | D:3      | Reached skill level 6 in Fighting
  2758 | D:3      | Reached XP level 6. HP: 18/41 MP: 6/6
  2838 | D:3      | Found a runed translucent door.
  2839 | D:3      | Noticed Crazy Yiuf
  2848 | D:3      | Killed Crazy Yiuf
  3051 | D:3      | Found a blossoming altar of Fedhas.
  3238 | D:4      | Found a staircase to the Ecumenical Temple.
  3261 | D:4      | Reached skill level 7 in Fighting
  3270 | D:4      | Noticed Ijyb
  3286 | D:4      | Killed Ijyb
  3311 | Temple   | Entered the Ecumenical Temple
  3343 | Temple   | Became a worshipper of Dithmenos the Shadowed
  3378 | D:4      | Noticed Dowan
  3379 | D:4      | Noticed Duvessa
  3386 | D:4      | HP: 1/44 [Duvessa/+0 short sword (7)]
  3387 | D:4      | Mangled by Duvessa

Skill      XL: |  1  2  3  4  5  6 |
---------------+-------------------+-----
Fighting       | 3 4 5 6 7 |  7.1
Short Blades   | |  2.0
Throwing       | |  2.0
Dodging        | |  1.0
Stealth        | |  5.3

Action                   |  1- 3 |  4- 6 || total
-------------------------+-------+-------++-------
Melee: Dagger            |    81 |   156 ||   237
       Constrict         |    16 |    35 ||    51
       Tentacles         |    10 |    25 ||    35
  Use: Scroll            |     7 |     6 ||    13
       Potion            |       |    10 ||    10
 Stab: Sleeping          |    16 |     9 ||    25
       Distracted        |     1 |     1 ||     2
  Eat: Ration            |     1 |     1 ||     2
       Chunk             |       |     1 ||     1
Armor: Skin              |     4 |    16 ||    20
Dodge: Dodged            |    42 |   105 ||   147
